 Dungeon Crawl Stone Soup version 0.28.0-53-g5a82cb258f (webtiles) character file.

Game seed: 6319632060296723663

79 Elmgren the Chopper (level 4, 0/61 HPs)
             Began as a Minotaur Berserker on July 27, 2022.
             Was a Believer of Trog.
             Succumbed to Terence's poison
             ... on level 2 of the Dungeon.
             The game lasted 00:04:20 (1832 turns).

Elmgren the Chopper (Minotaur Berserker)            Turns: 1832, Time: 00:04:21

Health: 0/61       AC:  9    Str: 23    XL:     4   Next: 17%
Magic:  3/3        EV:  9    Int:  4    God:    Trog [**....]
Gold:   65         SH:  0    Dex: 10    Spells: 3/3 levels left

rFire   . . .      SeeInvis .   a - +0 hand axe
rCold   . . .      Faith    .   (no shield)
rNeg    . . .      Spirit   .   c - +0 chain mail
rPois   .          Reflect  .   (helmet restricted)
rElec   .          Harm     .   (no cloak)
rCorr   .          Rampage  .   (no gloves)
Will    .....                   (no boots)
Stlth   ..........              (no amulet)
HPRegen 0.20/turn               (no ring)
MPRegen 0.08/turn               (no ring)

@: berserking, lethally poisoned (0 -> -24), very quick
A: horns 2, retaliatory headbutt
a: Renounce Religion, Berserk, Trog's Hand


You were on level 2 of the Dungeon.
You worshipped Trog.
Trog was pleased with you.
You visited 1 branch of the dungeon, and saw 2 of its levels.

You collected 65 gold pieces.

Inventory:

Hand Weapons
 a - a +0 hand axe (weapon)
Armour
 c - a +0 chain mail (worn)
Scrolls
 b - a scroll of immolation {unknown}
 d - a scroll of identify
Potions
 f - 3 potions of cancellation


   Skills:
 + Level 4.3 Fighting
 + Level 4.4 Axes
 + Level 3.3 Armour
 + Level 3.1 Dodging


You had 3 spell levels left.
You didn't know any spells.
Your spell library was empty.

Dungeon Overview and Level Annotations

Branches:
Dungeon (2/15)

Altars:


Innate Abilities, Weirdness & Mutations

You have a pair of horns on your head.
You reflexively headbutt those who attack you in melee.


Message History

You barely miss Terence.
Terence is moderately wounded.
You feel sick. Terence hits you but does no damage.
You are more poisoned.
You hit Terence but do no damage.
Terence is moderately wounded.
You feel sick.
Terence hits you with a +1 short sword of venom.
You are more poisoned.
Terence hits you with a +1 short sword of venom.
You are too injured to fight recklessly!
A red film seems to cover your vision as you go berserk!
You feel yourself moving faster!
You feel mighty!
You feel very sick.
Terence hits you with a +1 short sword of venom.
You are lethally poisoned!
You barely miss Terence.
Terence is moderately wounded.
* * * LOW HITPOINT WARNING * * *
You feel very sick.
You barely miss Terence. You headbutt Terence!
Terence is severely wounded.
* * * LOW HITPOINT WARNING * * *
You feel very sick. Terence hits you but does no damage.
You are more poisoned.
You barely miss Terence. You headbutt Terence!
You kill Terence!
Trog accepts your kill.
* * * LOW HITPOINT WARNING * * *
You feel very sick.
Your Dodging skill increases to level 3!
You have reached level 4!
You feel agile.
Calm down first, please.
There is a lethal amount of poison in your body!
There is a lethal amount of poison in your body!
There is a lethal amount of poison in your body!
There is a lethal amount of poison in your body!
You die...

#....(..# #.......#
#.......# ##########
#.......+ .........#
#.......############.####
#........................
#.........#.######.#.####
#...>.).@..........#.#
####...#..#.#.##.###.#
#......#.#....<.#.#
#.###.##.#......#.# #.
..##.####..##.# # #
#####.##.......# ##
#.##.....#####.
#.##...#.# ##..
#.##...#.###(.#


There were no monsters in sight!

Vanquished Creatures
  Terence (D:2)
  A worm (D:2)
  A dart slug (D:1)
  5 ball pythons
  6 endoplasms
  2 giant cockroaches (D:1)
  4 goblins
  4 hobgoblins
  3 quokkas (D:1)
  8 bats
  5 kobolds
  3 rats
43 creatures vanquished.

Notes
Turn   | Place    | Note
-------+----------+-------------------------------------------
     0 | D:1      | Elmgren the Minotaur Berserker began the quest for the Orb.
     0 | D:1      | Reached XP level 1. HP: 19/19 MP: 0/0
    20 | D:1      | Found a faded altar of an unknown god.
   128 | D:1      | Reached XP level 2. HP: 21/27 MP: 1/1
   587 | D:1      | Reached ** piety under Trog
   713 | D:1      | Reached XP level 3. HP: 33/33 MP: 2/2
  1820 | D:2      | Noticed Terence
  1831 | D:2      | Killed Terence
  1831 | D:2      | HP: 2/49 [poisoned by Terence]
  1832 | D:2      | Reached XP level 4. HP: 3/41 MP: 3/3
  1832 | D:2      | Succumbed to Terence's poison

Illustrated notes

Levels and vault maps discovered:
D:1:      mrwooster_arrival_statue_3, layout_loops_corners,
          basic_ecumenical_altar, chequers_serial_rivers_micro_b
D:2:      minmay_alternating_diamond, layout_basic, uniq_terence

Skill      XL: |  1  2  3 |
---------------+----------+-----
Fighting       | 4 |  4.3
Axes           | 4 |  4.4
Armour         | 3 |  3.3
Dodging        | 3 |  3.1

Action                   |  1- 3 |  4- 6 || total
-------------------------+-------+-------++-------
Melee: Hand axe          |    79 |       ||    79
       Headbutt          |    17 |       ||    17
       Punch             |     1 |       ||     1
Invok: Berserk           |     1 |       ||     1
  Use: Scroll            |     3 |       ||     3
Armor: Animal skin       |     5 |       ||     5
       Chain mail        |    23 |       ||    23
Dodge: Dodged            |    49 |       ||    49
